 Dungeon Crawl Stone Soup version 0.29-a0-298-g3c90f9a769 (webtiles) character file.

Game seed: 10709352147833251897

140 Ajdolov the Covert (level 5, -5/47 HPs)
             Began as a Gnoll Delver on Mar 23, 2022.
             Slain by an orc priest
             ... wielding a +4 whip
              (7 damage)
             ... on level 3 of the Dungeon.
             The game lasted 00:03:50 (2605 turns).

Ajdolov the Covert (Gnoll Delver)                   Turns: 2605, Time: 00:03:50

Health: -5/47      AC:  6    Str: 13    XL:     5   Next: 23%
Magic:  7/7        EV: 12    Int: 10    God:
Gold:   149        SH:  0    Dex: 13    Spells: 6/6 levels left

rFire   . . .      SeeInvis .   n - +0 whip (vamp)
rCold   . . .      Faith    .   (no shield)
rNeg    . . .      Spirit   .   l - +0 ring mail
rPois   .          Reflect  .   (no helmet)
rElec   .          Harm     .   (no cloak)
rCorr   .          Rampage  .   k - +0 pair of gloves
Will    .....                   (no boots)
Stlth   ++++......              (no amulet)
HPRegen 0.15/turn               (no ring)
MPRegen 0.10/turn               (no ring)

@: no status effects
A: fangs 1, strong nose, distributed training
a: no special abilities


You were on level 3 of the Dungeon.
You visited 1 branch of the dungeon, and saw 5 of its levels.

You collected 149 gold pieces.

Inventory:

Hand Weapons
 a - a +0 mace
 j - a +0 hunting sling
 n - a +0 vampiric whip (weapon)
Missiles
 s - 4 poisoned darts (quivered)
Armour
 k - a +0 pair of gloves (worn)
 l - a +0 ring mail (worn)
Wands
 g - a wand of digging (3)
Scrolls
 b - a scroll of enchant weapon {unknown}
 c - a scroll of fog
 d - 2 scrolls of magic mapping
 e - a scroll of fear
 h - 3 scrolls of identify {unknown}
 i - 2 scrolls of vulnerability {unknown}
 r - a scroll of amnesia {unknown}
 t - a scroll of immolation {unknown}
Potions
 f - 2 potions of haste
 m - a potion of mutation {unknown}
 o - 2 potions of degeneration {unknown}
 p - a potion of invisibility {unknown}
 q - a potion of attraction {unknown}


   Skills:
 + Level 6.6 Fighting
 + Level 1.4 Short Blades
 + Level 1.4 Long Blades
 + Level 1.4 Axes
 + Level 4.7 Maces & Flails
 + Level 1.4 Polearms
 + Level 1.4 Staves
 + Level 1.4 Slings
 + Level 1.4 Bows
 + Level 1.4 Crossbows
 + Level 1.4 Throwing
 + Level 1.4 Armour
 + Level 4.7 Dodging
 + Level 9.6 Stealth
 + Level 1.4 Shields
 + Level 1.4 Unarmed Combat
 + Level 1.4 Spellcasting
 + Level 1.1 Conjurations
 + Level 1.1 Hexes
 + Level 1.1 Summonings
 + Level 1.1 Necromancy
 + Level 1.1 Translocations
 + Level 1.1 Transmutations
 + Level 1.1 Fire Magic
 + Level 1.1 Ice Magic
 + Level 1.1 Air Magic
 + Level 1.1 Earth Magic
 + Level 1.1 Poison Magic
 + Level 1.5 Invocations
 + Level 1.4 Evocations


You had 6 spell levels left.
You didn't know any spells.
Your spell library contained the following spells:

 Spells                   Type           Power      Damage    Failure   Level
 Static Discharge         Conj/Air       2%         N/A       56%         2
 Fulminant Prism          Conj/Hex       1%         3d6       99%         4
 Iskenderun's Mystic Bla  Conj/Tloc      2%         2d3       99%         4
 Lee's Rapid Deconstruct  Erth           1%         3d5*      100%        5
 Lightning Bolt           Conj/Air       1%         1d12      100%        5
 Maxwell's Capacitive Co  Air            1%         ∞         100%        8


Dungeon Overview and Level Annotations

Branches:
Dungeon (5/15)
 Temple: D:4-7

Altars:


Innate Abilities, Weirdness & Mutations

You have very sharp teeth.
Your uncanny sense of smell can sniff out nearby items.
Your experience applies equally to all skills.


Message History

You hit the orc but do no damage. You barely miss the orc.
The orc closely misses you.
Unknown command.
You hit the orc.
You feel better.
The orc is moderately wounded.
The orc priest calls upon Beogh to heal the orc.
The orc's wounds heal themselves!
The orc barely misses you. The orc priest closely misses you.
You completely miss the orc priest. The orc hits you but does no damage.
The orc priest hits you with a +4 whip.
You hit the orc priest but do no damage.
The orc misses you. The orc priest misses you.
You hit the orc priest.
The orc priest is moderately wounded.
The orc hits you with a +0 flail. The orc priest hits you with a +4 whip.
Unknown command.
You hit the orc priest.
The orc priest is heavily wounded.
You hit the orc priest.
You feel better.
The orc priest is almost dead.
The orc hits you but does no damage. The orc priest hits you with a +4 whip.
You barely miss the orc priest.
The orc priest is almost dead.
The orc hits you with a +0 flail.
The orc priest invokes the aid of Beogh against you.
Beogh smites you!
* * * LOW HITPOINT WARNING * * *
You hit the orc priest but do no damage.
The orc priest is almost dead.
The orc misses you.
The orc priest looks braver for a moment.
Unknown command.
You barely miss the orc priest.
The orc priest is almost dead.
The orc hits you but does no damage. The orc priest closely misses you.
Unknown command.
You barely miss the orc priest.
The orc priest is almost dead.
The orc barely misses you. The orc priest hits you with a +4 whip!
You die...

... #. #.# #.###
##.#.## ####.....##
#...#....o######
#######..#......@oooo#
#.....#.#.#.....####.#
#.....#.##.....##
#..#..........##
#....[#.##...##
>.......###..#
.##.##.......#
.##.##.####.##
<##.##.# #+#


You could see an orc priest and 4 orcs.

Vanquished Creatures
  Jessica (D:2)
  Natasha (D:4)
  An adder (D:2)
  4 gnolls (D:2)
  5 dart slugs
  A bat (D:2)
  5 endoplasms
  A giant cockroach (D:2)
  2 goblins (D:1)
  A hobgoblin (D:1)
  2 quokkas
  4 ball pythons (D:2)
  A frilled lizard (D:1)
  6 kobolds
  3 rats (D:1)
38 creatures vanquished.

Notes
Turn   | Place    | Note
-------+----------+-------------------------------------------
     0 | D:5      | Reached skill level 9 in Stealth
     0 | D:5      | Ajdolov the Gnoll Delver began the quest for the Orb.
     0 | D:5      | Reached XP level 1. HP: 23/23 MP: 1/1
    62 | D:4      | Reached XP level 2. HP: 29/29 MP: 2/2
   175 | D:4      | Noticed Natasha
   181 | D:4      | Killed Natasha
   182 | D:4      | Reached XP level 3. HP: 24/35 MP: 2/4
   468 | D:2      | Reached skill level 1 in Invocations
   656 | D:2      | Identified the +4 plate armour of Beogh, Leaping {Int-5
                  | Dex+6}
   742 | D:2      | Reached skill level 1 in Short Blades
   742 | D:2      | Reached skill level 1 in Long Blades
   742 | D:2      | Reached skill level 1 in Axes
   742 | D:2      | Reached skill level 1 in Polearms
   742 | D:2      | Reached skill level 1 in Staves
   742 | D:2      | Reached skill level 1 in Slings
   742 | D:2      | Reached skill level 1 in Bows
   742 | D:2      | Reached skill level 1 in Crossbows
   742 | D:2      | Reached skill level 1 in Throwing
   742 | D:2      | Reached skill level 1 in Armour
   742 | D:2      | Reached skill level 1 in Shields
   742 | D:2      | Reached skill level 1 in Unarmed Combat
   742 | D:2      | Reached skill level 1 in Spellcasting
   742 | D:2      | Reached skill level 1 in Evocations
   968 | D:2      | Noticed Jessica
   975 | D:2      | Killed Jessica
   976 | D:2      | Reached XP level 4. HP: 26/41 MP: 5/5
  1180 | D:2      | Reached skill level 1 in Conjurations
  1180 | D:2      | Reached skill level 1 in Hexes
  1180 | D:2      | Reached skill level 1 in Summonings
  1180 | D:2      | Reached skill level 1 in Necromancy
  1180 | D:2      | Reached skill level 1 in Translocations
  1180 | D:2      | Reached skill level 1 in Transmutations
  1180 | D:2      | Reached skill level 1 in Fire Magic
  1180 | D:2      | Reached skill level 1 in Ice Magic
  1180 | D:2      | Reached skill level 1 in Air Magic
  1180 | D:2      | Reached skill level 1 in Earth Magic
  1180 | D:2      | Reached skill level 1 in Poison Magic
  1374 | D:2      | Reached XP level 5. HP: 47/47 MP: 5/7
  1844 | D:1      | Found a faded altar of an unknown god.
  2004 | D:1      | You fall into a shaft and drop 1 floor!
  2602 | D:3      | HP: 2/47 [orc priest/divine providence (16)]
  2605 | D:3      | Slain by an orc priest

Illustrated notes

Levels and vault maps discovered:
D:1:      dpeg_arrival_arbitrary_c, layout_loops_ring,
          chequers_ecumenical_altar_twisty
D:2:      layout_basic, hangedman_decor_clover_reticule, nrook_uturn,
          minmay_misc_feat_tower, minmay_misc_feat_plants, uniq_jessica
D:3:      layout_loops_corners
D:4:      layout_layer_cave, tgw_xom, uniq_natasha
D:5:      layout_rooms, trog_three_pillars_becter,
          nicolae_elyvilon_peaceful_grove, uniq_pikel

Skill      XL: |  1  2  3  4 |
---------------+-------------+-----
Stealth        | |  9.6
Invocations    | 1 |  1.5
Short Blades   | 1 |  1.4
Long Blades    | 1 |  1.4
Axes           | 1 |  1.4
Polearms       | 1 |  1.4
Staves         | 1 |  1.4
Slings         | 1 |  1.4
Bows           | 1 |  1.4
Crossbows      | 1 |  1.4
Throwing       | 1 |  1.4
Armour         | 1 |  1.4
Shields        | 1 |  1.4
Unarmed Combat | 1 |  1.4
Spellcasting   | 1 |  1.4
Evocations     | 1 |  1.4
Conjurations   | 1 |  1.1
Hexes          | 1 |  1.1
Summonings     | 1 |  1.1
Necromancy     | 1 |  1.1
Translocations | 1 |  1.1
Transmutations | 1 |  1.1
Fire Magic     | 1 |  1.1
Ice Magic      | 1 |  1.1
Air Magic      | 1 |  1.1
Earth Magic    | 1 |  1.1
Poison Magic   | 1 |  1.1
Fighting       | |  6.6
Maces & Flails | |  4.7
Dodging        | |  4.7

Action                   |  1- 3 |  4- 6 || total
-------------------------+-------+-------++-------
Melee: Mace              |    52 |    22 ||    74
       Bite              |     4 |     8 ||    12
       Whip              |       |    72 ||    72
 Stab: Sleeping          |     4 |     6 ||    10
       Distracted        |     1 |     1 ||     2
Armor: Leather armour    |     5 |       ||     5
       Ring mail         |     4 |    25 ||    29
Dodge: Dodged            |    26 |    50 ||    76

Table legend: (Time is in decaauts)
 A = Elapsed time spent in this place.
 B = Non-inter-level travel time spent in this place.
 C = Inter-level travel time spent in this place.
 D = Time resting spent in this place.
 E = Time spent auto-exploring this place.
 F = Levels seen in this place.
 G = Mean time per level.
                   A        B        C        D        E       F      G
               +--------+--------+--------+--------+--------+-----+--------+
         Total |   2609 |   2454 |    155 |    269 |   1533 |   5 |  521.8 |
       Dungeon |   2609 |   2454 |    155 |    269 |   1533 |   5 |  521.8 |
               +--------+--------+--------+--------+--------+-----+--------+

Top non-repeatable levels by time:
     D:2: 1288 daAuts
     D:1: 800 daAuts
     D:4: 333 daAuts
     D:3: 148 daAuts
     D:5: 37 daAuts
